 BcadrenCrawl: Boulder Brew version 0.06-744-gf22570f5e0 (webtiles) character file.

Game seed: 7967089613150673913

280 LabCoat the Skirmisher (level 6, -1/79 HPs) Hill Orc Fighter. Began on Mar 9, 2023. Slain by a sewer rat (2 damage) ... on level 2 of the Dungeon. The game lasted 00:07:30 (1762 turns).

LabCoat the Skirmisher (Hill Orc Fighter)           Turns: 1762, Time: 00:07:30

Health: -1/79      AC:  7    Str: 21    XL:     6 ^: 216
Magic:  6/6        EV: 11    Int:  8    God:
Gold:   78         SH:  0    Dex: 10    Spells: 5/5 levels left

rFire    . . .     Slash    .   a - +0 war axe
rCold    . . .     Pierce   .   j - +0 dagger (speed)
rNeg     . . .     Bludgeon .   b - +0 scale mail
rCorr    . . .     Vision   .   (no helmet)
rPois    .         Gourm    .   (no cloak)
rElec    .         Faith    .   (no gloves)
MR       .....     Spirit   .   (no boots)
HPRegen  0.36/turn Reflect  .   (no amulet)
MPRegen  0.16/turn Harm     .   (no ring)
Stlth    ..........             (no ring)

@: no status effects
A: soft flesh
a: no special abilities


You were on level 2 of the Dungeon.
You were not hungry.

You visited 1 branch of the dungeon, and saw 2 of its levels.

You collected 78 gold pieces.

Inventory:

Weapons
 a - a +0 war axe (weapon)
 j - a +0 dagger of speed (weapon) Shields
 c - a +0 heater shield
Armour
 b - a +0 scale mail (worn)
Scrolls
 e - a scroll of silence
 i - a scroll of magic mapping
 k - a scroll of enchantment
Potions
 h - a potion of cure mutation
Comestibles
 f - 2 rations


   Skills:
 * Level 5.0 Fighting
 + Level 1.3 Short Blades
 * Level 4.6 Axes & Hammers
 + Level 4.0 Armour
 * Level 2.2 Dodging
 + Level 3.9 Shields


You had 5 spell levels left.
You didn't know any spells.
Your spell library was empty.

Dungeon Overview and Level Annotations

Branches:
Dungeon (2/8)

Altars:


Innate Abilities, Weirdness & Mutations

((Your soft flesh is weak to deep cuts.
Heavy manmade armour will nullify this weakness. (rSlashing-)))


Message History

The sewer rat barely misses you. x2; The sewer rat bites you (4).
* * * LOW HITPOINT WARNING * * *
The sewer rat bites you (2).
* * * LOW HITPOINT WARNING * * *
The sewer rat bites you but does no damage.
The sewer rat bites you (6).
* * * LOW HITPOINT WARNING * * *
Okay, then.
You hit the sewer rat (3).
It is lacerated severely!
You kill the sewer rat!
You hit the sewer rat (4).
It is lacerated severely!
The sewer rat is moderately wounded. (8/12) HP You hit the sewer rat but do no damage.
The sewer rat is almost dead. (2/10) HP You hit the sewer rat (5).
It is lacerated severely!
You kill the sewer rat!
You hit the sewer rat but do no damage. The sewer rat bites you (4).
* * * LOW HITPOINT WARNING * * *
The sewer rat bites you (2).
You die...

§≈§§≈≈≈≈####†#§.####≈≈≈≈P
≈≈≈≈≈≈≈≈######### #≈≈≈≈≈
.≈≈≈≈≈≈≈#≈≈≈## #.≈≈≈≈
.≈≈≈≈≈.≈≈###.# #≈.≈≈≈
.≈≈≈....###≈##### #.≈≈≈≈
≈.≈≈≈≈≈≈##.###≈≈# #.≈≈≈≈
≈≈≈≈≈≈≈≈##≈≈#≈#..≈##..≈≈.
≈≈≈≈≈≈≈r#≈###†###r##≈≈≈≈≈
≈≈≈≈≈≈≈r@†≈≈#.†# .#≈≈≈≈≈
≈≈≈≈≈≈≈†r##.≈#≈## #≈≈≈≈≈
.≈≈≈≈≈≈.≈≈≈≈##≈.####≈≈≈≈≈
...≈≈≈≈≈###≈##..≈.≈#.≈≈≈≈
.≈..b.≈.#####.≈#≈≈≈...≈≈≈
.≈≈≈≈..≈.≈≈#≈.≈####≈≈≈≈≈≈
.≈≈≈≈≈≈.#≈..≈.≈# ##lP≈≈≈
≈≈≈≈;≈≈.#≈#..≈## #P≈≈≈≈
≈≈≈≈≈≈≈.####### #.≈≈≈≈


You could see 3 submerged sewer rats and a neutral submerged slimehead
(wandering) (passive).

Vanquished Creatures
  A big kobold (D:2)
  A jelly (D:2)
  A giant cockroach (D:2)
  11 sewer rats (D:2)
  3 cinder newts
  A worm (D:2)
  2 oozes
  A ball python (D:1)
  A bat (D:1)
  3 goblins (D:1)
  6 hobgoblins (D:1)
  9 kobolds
  4 rats (D:1)
  A rat skeleton (D:2)
  A withered plant (D:2)
46 creatures vanquished.

Vanquished Creatures (others)
  A jelly (D:2)
  A giant cockroach (D:2)
  A goblin (D:1)
  3 kobolds (D:2)
  2 slimeheads (D:2)
  92 withered plants (D:2)
100 creatures vanquished.

Grand Total: 146 creatures vanquished

Notes
Turn   | Place    | Note
-------+----------+-------------------------------------------
     0 | D:1      | LabCoat the Hill Orc Fighter began the quest for the Orb.
     0 | D:1      | Reached XP level 1. HP: 29/29 MP: 1/1
   164 | D:1      | Reached XP level 2. HP: 34/39 MP: 2/2
   482 | D:1      | Reached XP level 3. HP: 49/49 MP: 3/3
   483 | D:1      | Reached skill level 4 in Fighting
   483 | D:1      | Reached skill level 1 in Dodging
   776 | D:2      | Noticed a crocodile
   849 | D:2      | Reached XP level 4. HP: 40/59 MP: 4/4
   933 | D:1      | HP: 1/59 [cinder newt (3)]
  1204 | D:2      | Noticed a big kobold
  1221 | D:2      | Killed a big kobold
  1221 | D:2      | Reached XP level 5. HP: 45/69 MP: 5/5
  1637 | D:2      | Reached skill level 1 in Short Blades
  1645 | D:2      | Reached XP level 6. HP: 34/79 MP: 6/6
  1761 | D:2      | Reached skill level 5 in Fighting
  1762 | D:2      | HP: 1/79 [sewer rat (4)]
  1762 | D:2      | Slain by a sewer rat

Illustrated notes

Levels and vault maps discovered:
D:1:      minmay_arrival_widening_spiral_wide, layout_basic, first_ration
D:2:      layout_sewer

Skill      XL: |  1  2  3  4  5  6 |
---------------+-------------------+-----
Axes & Hammers | 3 4 |  4.6
Fighting       | 4 5 |  5.0
Dodging        | 1 2 |  2.2
Short Blades   | 1 |  1.3
Armour         | 4 |  4.0
Shields        | |  3.9

Action                   |  1- 3 |  4- 6 || total
-------------------------+-------+-------++-------
Melee: War axe           |    41 |    65 ||   106
       Dagger            |    16 |    54 ||    70
Throw: Stone             |    13 |    21 ||    34
       Rusty metal       |     4 |    14 ||    18
       Skull             |     3 |     5 ||     8
       Bone              |     2 |     4 ||     6
  Use: Potion            |       |     1 ||     1
  Eat: Chunk             |       |     2 ||     2
       Ration            |       |     1 ||     1
Armor: Scale mail        |    33 |    75 ||   108
Dodge: Dodged            |    21 |    40 ||    61
Block: Heater shield     |     6 |       ||     6
